 Dungeon Crawl Stone Soup version 0.30-a0-166-g5d06c95188 (webtiles) character file.

Game seed: 5467871022549499685

109 qw the Chopper (level 4, -2/28 HPs)
             Began as a Gargoyle Fighter on Sept 28, 2022.
             Slain by an orc
             ... wielding a +0 flail
              (6 damage)
             ... on level 3 of the Dungeon.
             The game lasted 00:00:56 (2893 turns).

qw the Chopper (Gargoyle Fighter)                   Turns: 2893, Time: 00:00:56

Health: -2/28      AC: 12    Str: 22    XL:     4   Next: 90%
Magic:  4/4        EV:  7    Int:  8    God:
Gold:   84         SH:  4    Dex:  9    Spells: 3/3 levels left

rFire   + . .      SeeInvis +    Y - +0 war axe
rCold   . . .      Faith    .    c - +0 buckler
rNeg    + . .      Spirit   .    g - +0 chain mail
rPois   inf        Reflect  .    (no helmet)
rElec   +          Harm     .    (no cloak)
rCorr   .          Rampage  .    (no gloves)
Will    .....                    (no boots)
Stlth   ..........               (no amulet)
HPRegen 0.09/turn                e - ring "Qavvaecs" {Wiz rF+ SInv}
MPRegen 0.09/turn                (no ring)

@: no status effects
A: sickness immunity, AC +3, negative energy resistance 1, electricity
resistance, torment resistance 1, petrification resistance
a: no special abilities


You were on level 3 of the Dungeon.
You visited 1 branch of the dungeon, and saw 3 of its levels.

You collected 84 gold pieces.


Innate Abilities, Weirdness & Mutations

You are immune to sickness and miasma.
Your stone body is resilient. (AC +3)
You are immune to poison.
You resist negative energy. (rN+)
You are resistant to electric shocks. (rElec)
You are resistant to unholy torment.
You are immune to petrification.


   Skills:
 - Level 3.2 Fighting
 + Level 4.4 Axes
 - Level 3.2 Armour
 - Level 3.2 Shields


You had 3 spell levels left.
You didn't know any spells.
Your spell library was empty.

Inventory:

Hand Weapons
 p - a +0 flail
 Y - a +0 war axe (weapon)
Missiles
 n - 3 boomerangs (quivered)
Armour
 c - a +0 buckler (worn)
 g - a +0 chain mail (worn)
 i - a +0 pair of boots
Jewellery
 e - the ring "Qavvaecs" (left hand) {Wiz rF+ SInv}
   (You found it on level 2 of the Dungeon)

   [ring of wizardry]

   It improves your spell success rate.
   rF:        It protects you from fire.
   SInv:      It lets you see invisible.
 j - a +6 ring of dexterity
Scrolls
 f - 2 scrolls of identify
 q - a scroll of fog {unknown}
 s - a scroll of teleportation {unknown}
Potions
 a - a potion of attraction
 b - a potion of mutation
 d - 3 potions of might
 h - 2 potions of lignification
 k - a potion of flight {unknown}
 l - a potion of cancellation {unknown}
 m - a potion of curing
 o - a potion of haste {unknown}
 r - a potion of resistance {unknown}

Dungeon Overview and Level Annotations

Branches:
Dungeon (3/15)

Altars:
Wu Jian

Shops:
D:1 *


Message History

The orc wizard flickers and vanishes for a moment.
You closely miss the orc wizard.
The orc wizard is heavily wounded.
You closely miss the orc. You barely miss the orc.
You hit the orc but do no damage. The orc hits you but does no damage.
The orc barely misses you.
The orc wizard hits you but does no damage.
The orc hits you with a +0 club.
You miss the orc wizard.
The orc wizard is heavily wounded.
You barely miss the orc. x2; You hit the orc.
The orc hits you but does no damage. The orc hits you with a +0 flail!
The orc wizard barely misses you. The orc hits you but does no damage.
You barely miss the orc.
The orc is almost dead.
You miss the orc wizard. You hit the orc. You hit the orc but do no damage.
You block the orc's attack. The orc hits you with a +0 flail!
The orc hits you but does no damage. x2
The orc wizard hits you but does no damage.
The orc closely misses you. The orc barely misses you.
You slash the orc!
You kill the orc!
You hit the orc wizard. You closely miss the orc wizard. You hit the orc.
You kill the orc!
You hit the orc but do no damage. The orc wizard casts a spell at you.
You resist with some effort. The orc hits you but does no damage.
The orc wizard hits you but does no damage.
You completely miss the orc wizard.
The orc wizard is heavily wounded.
You closely miss the orc. You closely miss the orc wizard.
The orc wizard casts a spell at you. You resist with some effort.
The orc closely misses you.
The orc wizard hits you but does no damage.
You barely miss the orc wizard.
The orc wizard is heavily wounded.
You closely miss the orc wizard. You hit the orc.
The orc wizard hits you but does no damage.
The orc hits you with a +0 flail.
You die...

#.#....<....# #.......)......
#.#.........#######.#.##.......
#.#.(.......#..................
#.##........#........###.>.....
#...........'........# #.......
####........#........# #.......
##########........# #.......
####........# #######
#...o@o...... #...)o).......
#........!... #............
#............ #............
#............ #............


You could see 2 orc wizards and an orc.

Vanquished Creatures
  4 adders
  A shadow imp (D:3)
  A worm (D:2)
  7 orcs (D:3)
  5 ball pythons
  9 endoplasms
  3 giant cockroaches
  4 jackals
  2 quokkas
  4 bats
  3 frilled lizards
  7 goblins
  2 kobolds
  2 rats (D:2)
54 creatures vanquished.

Notes
Turn   | Place    | Note
-------+----------+-------------------------------------------
     0 | D:1      | qw the Gargoyle Fighter began the quest for the Orb.
     0 | D:1      | Reached XP level 1. HP: 14/14 MP: 1/1
     0 | D:1      | 0 ||| qw: Version: 0.2-a-12-gaebbb33
     0 | D:1      | 0 ||| qw: Game counter: 955
     0 | D:1      | 0 ||| qw: Always use a shield: true
     0 | D:1      | 0 ||| qw: God list: Okawaru
     0 | D:1      | 0 ||| qw: Allow faded altars: false
     0 | D:1      | 0 ||| qw: Do Orc after D:15 true
     0 | D:1      | 0 ||| qw: Do second Lair branch before Depths: true
     0 | D:1      | 0 ||| qw: Lair rune preference: random
     0 | D:1      | 0 ||| qw: Plans: Normal, Zot:1-4, God:TSO, Crypt, Tomb,
                  | Pan, Slime:5, Hells, Abyss, Orb
     0 | D:1      | 0 ||| PLANNING D:1-11
    21 | D:1      | Reached skill level 2 in Axes
   332 | D:1      | Reached XP level 2. HP: 17/19 MP: 2/2
   410 | D:1      | 410 ||| Stepping ~*~*~tactically~*~*~ (stealth).
   428 | D:1      | Found Naamnips's Assorted Antiques.
   441 | D:1      | 441 ||| DROPPING +0 club.
   443 | D:1      | 443 ||| SHOPLISTING 2 scrolls labelled SES BIPNEXT (42
                  | gold, have 6).
   443 | D:1      | 443 ||| SHOPLISTING 3 scrolls labelled SES BIPNEXT (63
                  | gold, have 6).
   443 | D:1      | 443 ||| SHOPLISTING scroll labelled IBROVI LENKELL (21
                  | gold, have 6).
   718 | D:1      | 718 ||| UPGRADING to +0 chain mail.
   728 | D:1      | 728 ||| DROPPING +0 scale mail.
   729 | D:1      | 729 ||| READING scroll labelled CUGIYWK DIMIOTUL.
   730 | D:1      | 730 ||| READING scroll labelled QOTHYU ORORIWEB.
   831 | D:1      | 831 ||| DRINKING 3 yellow potions.
   935 | D:2      | Identified the ring "Qavvaecs" {Wiz rF+ SInv}
   975 | D:2      | Reached skill level 3 in Axes
  1368 | D:2      | 1368 ||| Stepping ~*~*~tactically~*~*~ (stealth).
  1378 | D:2      | Reached XP level 3. HP: 18/23 MP: 3/3
  1544 | D:2      | 1544 ||| Stepping ~*~*~tactically~*~*~ (stealth).
  1619 | D:2      | Found a faded altar of an unknown god.
  1956 | D:2      | 1956 ||| UPGRADING to ring "Qavvaecs" {Wiz rF+ SInv}.
  1957 | D:2      | 1957 ||| READING 3 scrolls labelled IBROVI LENKELL.
  1958 | D:2      | 1958 ||| READING scroll labelled CANKYW NIYTS.
  1959 | D:2      | 1959 ||| READING scroll labelled DEGHYUCOPS.
  1960 | D:2      | 1960 ||| READING scroll labelled UDWYETHR DEGUGG.
  1961 | D:2      | 1961 ||| DRINKING 2 sedimented cyan potions.
  1962 | D:2      | 1962 ||| DRINKING 2 fizzy amethyst potions.
  1963 | D:2      | 1963 ||| READING 2 scrolls of identify.
  1963 | D:2      | 1963 ||| IDENTIFYING bubbling dark potion
  2074 | D:3      | Reached XP level 4. HP: 27/28 MP: 4/4
  2148 | D:3      | 2148 ||| Stepping ~*~*~tactically~*~*~ (hiding).
  2152 | D:3      | 2152 ||| Stepping ~*~*~tactically~*~*~ (hiding).
  2162 | D:3      | Reached skill level 4 in Axes
  2169 | D:3      | 2169 ||| FLEEEEING.
  2330 | D:3      | 2330 ||| DROPPING +0 whip.
  2365 | D:3      | Found an ornate altar of the Wu Jian Council.
  2554 | D:3      | 2554 ||| Stepping ~*~*~tactically~*~*~ (stealth).
  2890 | D:3      | HP: 4/28 [orc/+0 flail (8)]
  2893 | D:3      | Slain by an orc

Levels and vault maps discovered:
D:1:      dpeg_arrival_orchard, layout_basic, serial_shops, shop
D:2:      layout_basic, nicolae_ecumenical_lake_church, mrwooster_statue_mirror,
          kennysheep_generic_room_14
D:3:      layout_basic, lemuel_doored_altar

Skill      XL: |  1  2  3  4 |
---------------+-------------+-----
Axes           | 2 3 4 |  4.4
Fighting       | |  3.2
Armour         | |  3.2
Shields        | |  3.2

Action                   |  1- 3 |  4- 6 || total
-------------------------+-------+-------++-------
Melee: War axe           |   103 |    68 ||   171
Throw: Boomerang         |       |     6 ||     6
  Use: Scroll            |     7 |       ||     7
       Potion            |     3 |       ||     3
Armor: Scale mail        |    15 |       ||    15
       Chain mail        |    57 |    53 ||   110
Dodge: Dodged            |    52 |    24 ||    76
Block: Buckler           |    13 |    13 ||    26

Table legend:
 A = Non-vault XP
 B = Vault XP
 C = Vault XP percentage of total XP
 D = Non-vault monster count
 E = Vault monster count
 F = Vault count percentage of total count
                 A         B        C        D         E       F
            +---------+---------+-------+---------+---------+-------
      Total |     156 |       1 |   0.6 |      53 |       1 |   1.9
            +---------+---------+-------+---------+---------+-------
        D:1 |      22 |       0 |   0.0 |      13 |       0 |   0.0
        D:2 |      37 |       1 |   2.6 |      15 |       1 |   6.2
        D:3 |      97 |       0 |   0.0 |      25 |       0 |   0.0
            +---------+---------+-------+---------+---------+-------
